 Dungeon Crawl Stone Soup version 0.26.1-11-gd32895ea62 (webtiles) character file.

Game seed: 18019076481424098263

2998 Everton the Fighter (level 9, 0/78 HPs)
             Began as a Gnoll Wanderer on Aug 2, 2021.
             Was a Priest of Okawaru.
             Succumbed to a killer bee's poison
             ... on level 7 of the Dungeon.
             The game lasted 00:23:14 (6944 turns).

Everton the Fighter (Gnoll Wanderer)                Turns: 6944, Time: 00:23:15

Health: 0/78       AC: 10    Str: 16    XL:     9   Next: 84%
Magic:  15/15      EV: 14    Int: 15    God:    Okawaru [***...]
Gold:   342        SH:  5    Dex: 16    Spells: 17/17 levels left

rFire    . . .     SeeInvis .   z - +2 dagger (elec)
rCold    . . .     Faith    .   (no shield)
rNeg     . . .     Spirit   .   u - +0 ring mail (curse)
rPois    .         Reflect  +   B - +2 helmet
rElec    .         Harm     .   (no cloak)
rCorr    .         Rampage  .   g - +0 pair of gloves
Will     +....                  (no boots)
Stlth    +++.......             n - amulet of reflection
HPRegen  0.23/turn              D - ring of willpower
MPRegen  0.14/turn              (no ring)

@: lethally poisoned (0 -> -17)
A: distributed training, fangs 1, strong nose
a: Renounce Religion, Heroism


You were on level 7 of the Dungeon.
You worshipped Okawaru.
Okawaru was most pleased with you.
You visited 2 branches of the dungeon, and saw 8 of its levels.
You also visited: Sewer.

You collected 342 gold pieces.

Inventory:

Hand Weapons
 a - a +2 quarterstaff
 b - a +0 war axe
 d - a +0 dagger of flaming
 w - a +1 short sword of venom
 z - a +2 dagger of electrocution (weapon)
Missiles
 E - 46 poisoned darts (quivered)
Armour
 c - a +0 robe
 g - a +0 pair of gloves (worn)
 m - a +0 chain mail
 t - a +0 leather armour
 u - a cursed +0 ring mail (worn)
 y - a +0 scale mail
 A - a +0 plate armour
 B - a +2 helmet (worn)
Jewellery
 n - an amulet of reflection (around neck)
 D - a ring of willpower (left hand)
Wands
 i - a wand of random effects (10)
Scrolls
 e - 2 scrolls of remove curse
 f - 3 scrolls of enchant armour {unknown}
 j - a scroll of amnesia {unknown}
 o - 4 scrolls of teleportation {unknown}
 p - 2 scrolls of enchant weapon {unknown}
 r - 4 scrolls of identify
 v - a scroll of magic mapping {unknown}
 C - 3 scrolls of fear {unknown}
Potions
 h - a potion of ambrosia {unknown}
 l - a potion of flight
 q - a potion of invisibility {unknown}
 s - 2 potions of haste {unknown}
 x - a potion of brilliance {unknown}


   Skills:
 + Level 9.7 Fighting
 + Level 4.6 Short Blades
 + Level 4.6 Long Blades
 + Level 4.6 Axes
 + Level 4.6 Maces & Flails
 + Level 5.3 Polearms
 + Level 6.6 Staves
 + Level 4.6 Slings
 + Level 4.6 Bows
 + Level 4.6 Crossbows
 + Level 4.6 Throwing
 + Level 4.6 Armour
 + Level 5.3 Dodging
 + Level 6.3 Stealth
 + Level 4.6 Shields
 + Level 4.6 Unarmed Combat
 + Level 4.6 Spellcasting
 + Level 3.8 Conjurations
 + Level 3.8 Hexes
 + Level 3.8 Summonings
 + Level 3.8 Necromancy
 + Level 3.8 Translocations
 + Level 3.8 Transmutations
 + Level 3.8 Fire Magic
 + Level 3.8 Ice Magic
 + Level 3.8 Air Magic
 + Level 3.8 Earth Magic
 + Level 3.8 Poison Magic
 + Level 5.1 Invocations
 + Level 4.6 Evocations


You had 17 spell levels left.
You didn't know any spells.
Your spell library was empty.

Dungeon Overview and Level Annotations

Branches:
Dungeon (7/15)             Temple (1/1) D:4           Sewer (visited)

Altars:
Ashenzari
Cheibriados
Dithmenos
Elyvilon
Gozag
Hepliaklqana
Kikubaaqudgha
Nemelex Xobeh
Okawaru
Uskayaw
Xom
Yredelemnul
Zin

Annotations:
D:3 2 transporters


Innate Abilities, Weirdness & Mutations

Your experience applies equally to all skills.
You have very sharp teeth.
Your uncanny sense of smell can sniff out nearby items.


Message History

You kill the killer bee!
Okawaru accepts your kill.
You feel sick.
The killer bee stings you but does no damage.
The killer bee stings you.
* * * LOW HITPOINT WARNING * * *
You are more poisoned.
The killer bee poisons you!
* * * LOW HITPOINT WARNING * * *
You feel sick. The killer bee misses you. The killer bee stings you.
* * * LOW HITPOINT WARNING * * *
You are more poisoned.
The killer bee poisons you!
Things that are here:
a killer bee corpse; a killer bee corpse You hit the killer bee.
Lightning courses through the killer bee!
You kill the killer bee!
Okawaru accepts your kill.
You die...

......### ##.##......# ##....
........### #.##.....## #.....
...>......#### #........# #.....
.............###.......## ##.....
#....................### #......
###...............#...#####......
.####......).....................
..####.........†.......#####.....
...###..........@......# #....)
.....#.........######..# ##...#
..............## ...# #####
.............## .....
.............# ..#..##
.............## #####.#
..............# #.#.........###
####.....####


There were no monsters in sight!

Vanquished Creatures
  A sky beast (D:3)
  2 phantoms (D:5)
  4 ogres
  7 centaurs
  2 big kobolds
  3 bullfrogs (D:6)
  2 scorpions (D:4)
  12 killer bees
  5 wights
  A jelly (D:5)
  A bullfrog skeleton (D:6)
  A centaur skeleton (D:7)
  3 hounds
  10 orc wizards
  An iguana (D:7)
  4 worker ants
  7 adders
  3 river rats (Sewer)
  A shadow imp (D:5)
  A white imp (D:7)
  3 ufetubi
  An ooze (D:4)
  An adder skeleton (D:5)
  2 worms
  2 dart slugs
  6 leopard geckos
  10 orcs
  9 giant cockroaches
  A goblin (D:3)
  2 hobgoblins (D:3)
  2 jackals (Sewer)
  9 kobolds
  A quokka (D:5)
  2 frilled lizards
  A leopard gecko skeleton (D:4)
  A leopard gecko zombie (D:5)
  5 rats
129 creatures vanquished.

Vanquished Creatures (others)
  7 plants (D:6)
7 creatures vanquished.

Grand Total: 136 creatures vanquished

Notes
Turn   | Place    | Note
-------+----------+-------------------------------------------
     0 | D:1      | Everton the Gnoll Wanderer began the quest for the Orb.
     0 | D:1      | Everton set off with the following items: a +2
                  | quarterstaff, 2 potions of curing, a +0 robe, a +0 dagger
     0 | D:1      | Reached XP level 1. HP: 26/26 MP: 1/1
    66 | D:2      | Reached XP level 2. HP: 29/33 MP: 2/2
   192 | D:3      | Reached XP level 3. HP: 30/38 MP: 3/3
   216 | D:3      | Found a transporter.
   228 | D:3      | Found a faded altar of an unknown god.
   236 | D:3      | Found a transporter.
   255 | D:3      | Found a broken altar of Ashenzari.
   347 | D:3      | Reached skill level 1 in Short Blades
   347 | D:3      | Reached skill level 1 in Long Blades
   347 | D:3      | Reached skill level 1 in Axes
   347 | D:3      | Reached skill level 1 in Maces & Flails
   347 | D:3      | Reached skill level 1 in Slings
   347 | D:3      | Reached skill level 1 in Bows
   347 | D:3      | Reached skill level 1 in Crossbows
   347 | D:3      | Reached skill level 1 in Throwing
   347 | D:3      | Reached skill level 1 in Armour
   347 | D:3      | Reached skill level 1 in Shields
   347 | D:3      | Reached skill level 1 in Unarmed Combat
   347 | D:3      | Reached skill level 1 in Spellcasting
   347 | D:3      | Reached skill level 1 in Invocations
   347 | D:3      | Reached skill level 1 in Evocations
   347 | D:3      | Reached XP level 4. HP: 14/45 MP: 3/5
   402 | D:3      | Noticed a sky beast
   494 | D:3      | Found a glowing drain.
   504 | D:3      | Reached skill level 1 in Conjurations
   504 | D:3      | Reached skill level 1 in Hexes
   504 | D:3      | Reached skill level 1 in Summonings
   504 | D:3      | Reached skill level 1 in Necromancy
   504 | D:3      | Reached skill level 1 in Translocations
   504 | D:3      | Reached skill level 1 in Transmutations
   504 | D:3      | Reached skill level 1 in Fire Magic
   504 | D:3      | Reached skill level 1 in Ice Magic
   504 | D:3      | Reached skill level 1 in Air Magic
   504 | D:3      | Reached skill level 1 in Earth Magic
   504 | D:3      | Reached skill level 1 in Poison Magic
   518 | Sewer    | Entered a sewer
   538 | Sewer    | Reached XP level 5. HP: 24/51 MP: 6/6
   726 | Sewer    | Noticed a big kobold
   748 | Sewer    | Killed a big kobold
   797 | Sewer    | Found a glowing silver altar of Zin.
  1024 | D:3      | Killed a sky beast
  1025 | D:3      | Reached XP level 6. HP: 51/57 MP: 8/8
  1335 | D:4      | Reached skill level 5 in Staves
  1825 | D:4      | Reached XP level 7. HP: 17/63 MP: 10/10
  1840 | D:4      | Found a staircase to the Ecumenical Temple.
  1868 | Temple   | Entered the Ecumenical Temple
  2099 | Temple   | Became a worshipper of Warmaster Okawaru
  2804 | D:5      | Entered Level 5 of the Dungeon
  2838 | D:5      | Reached skill level 9 in Fighting
  2838 | D:5      | Reached skill level 5 in Stealth
  2969 | D:5      | Found a snail-covered altar of Cheibriados.
  3008 | D:5      | Reached * piety under Okawaru
  3009 | D:5      | Reached XP level 8. HP: 28/71 MP: 12/12
  3756 | D:5      | Found a shadowy altar of Dithmenos.
  4295 | D:5      | Found a shimmering altar of Xom.
  4766 | D:6      | Reached ** piety under Okawaru
  4772 | D:6      | Reached XP level 9. HP: 41/76 MP: 14/14
  4814 | D:6      | HP: 2/77 [orc wizard/magic dart (3)]
  5272 | D:5      | Found a shadowy altar of Dithmenos.
  5272 | D:5      | Found an opulent altar of Gozag.
  5272 | D:5      | Found a hide-covered altar of Uskayaw.
  5285 | D:5      | Found an ancient bone altar of Kikubaaqudgha.
  5901 | D:6      | Reached skill level 5 in Polearms
  5901 | D:6      | Reached skill level 5 in Dodging
  6383 | D:7      | Reached *** piety under Okawaru
  6866 | D:7      | Reached skill level 5 in Invocations
  6943 | D:7      | HP: 3/78 [poisoned by a killer bee]
  6943 | D:7      | HP: 1/78 [killer bee (2)]
  6944 | D:7      | Succumbed to a killer bee's poison

Illustrated notes

Levels and vault maps discovered:
D:1:      dpeg_arrival_leaves_temple_mockup, layout_basic, minmay_heptomino_d4
D:2:      layout_loops_ring
D:3:      gammafunk_steamed_eel, layout_rooms, ashenzari_altar_1,
          gup_sewer_entry_pipe, chequers_ecumenical_altar_simple,
          grunt_ministairs_2
D:4:      minmay_door_path, layout_gridville, temple_pool_b, chequers_jeans
D:5:      layout_basic, nicolae_overflow_hidden_temple, lemuel_round_altar,
          grunt_ministairs_14, nicolae_dithmenos_the_darkroom
D:6:      layout_rooms, grunt_decor_mini_mirrors, lexackson_kobold_supper
D:7:      layout_cave_pods
Temple:   nicolae_temple_god_jail

Skill      XL: |  1  2  3  4  5  6  7  8  9 |
---------------+----------------------------+-----
Short Blades   | 1 2 3 4 |  4.6
Long Blades    | 1 2 3 4 |  4.6
Axes           | 1 2 3 4 |  4.6
Maces & Flails | 1 2 3 4 |  4.6
Slings         | 1 2 3 4 |  4.6
Bows           | 1 2 3 4 |  4.6
Crossbows      | 1 2 3 4 |  4.6
Throwing       | 1 2 3 4 |  4.6
Armour         | 1 2 3 4 |  4.6
Shields        | 1 2 3 4 |  4.6
Unarmed Combat | 1 2 3 4 |  4.6
Spellcasting   | 1 2 3 4 |  4.6
Invocations    | 1 2 3 4 5 |  5.1
Evocations     | 1 2 3 4 |  4.6
Conjurations   | 1 2 3 |  3.8
Hexes          | 1 2 3 |  3.8
Summonings     | 1 2 3 |  3.8
Necromancy     | 1 2 3 |  3.8
Translocations | 1 2 3 |  3.8
Transmutations | 1 2 3 |  3.8
Fire Magic     | 1 2 3 |  3.8
Ice Magic      | 1 2 3 |  3.8
Air Magic      | 1 2 3 |  3.8
Earth Magic    | 1 2 3 |  3.8
Poison Magic   | 1 2 3 |  3.8
Polearms       | 3 4 5 |  5.3
Dodging        | 3 4 5 |  5.3
Staves         | 5 6 |  6.6
Fighting       | 9 |  9.7
Stealth        | 5 6 |  6.3

Action                   |  1- 3 |  4- 6 |  7- 9 || total
-------------------------+-------+-------+-------++-------
Melee: Quarterstaff      |    27 |   126 |   151 ||   304
       Bite              |       |     7 |    47 ||    54
       Dagger            |       |       |   242 ||   242
       Punch             |       |       |     4 ||     4
Invok: Heroism           |       |       |     1 ||     1
Evoke: Wand              |       |       |     5 ||     5
  Use: Potion            |       |     4 |     5 ||     9
       Scroll            |       |     1 |     1 ||     2
 Stab: Sleeping          |     3 |     3 |     9 ||    15
       Distracted        |       |       |     1 ||     1
Armor: Robe              |     4 |     8 |       ||    12
       Leather armour    |       |     3 |       ||     3
       Ring mail         |       |       |   121 ||   121
Dodge: Dodged            |    15 |    80 |   296 ||   391
Block: Other             |       |     9 |    96 ||   105
       Reflection        |       |       |     5 ||     5
